Map: Romanticide LE

Players

MacroS - Winner!

  • Race: Terran Terran
  • Spawn Location: 11:00

ZergDrachen

  • Race: Zerg Zerg
  • League: Platinum
  • Spawn Location: 5:00

VOD

Have the link to the VOD?

Description

Time

  • Played on: Jan. 2, 2021, 6:12 a.m.
  • Length: 5:48
Show
View Real Time Build Order
Export as new Build Order

MacroS Terran - Winner!

Build Orders:  

Get SALT Encoding   

  12  0:00  SCV  
  13  0:12  SCV  
  14  0:18  Supply Depot  
  14  0:24  SCV  
  15  0:29  Refinery  
  15  0:40  SCV  
  16  0:45  Barracks  
  16  0:52  SCV  
  17  1:04  Barracks  
  17  1:06  SCV  
  18  1:21  Barracks  
  18  1:34  Orbital Command  
  18  1:44  Supply Depot  
  18  1:53  Marine  
  19  1:54  Barracks Reactor  
  19  2:00  SCV  
  20  2:12  Supply Depot, Barracks Tech Lab, SCV  
  20  2:15  Barracks Tech Lab  
  21  2:25  SCV  
  22  2:32  Engineering Bay, Marine  
  22  2:33  Marine  
  22  2:34  Marine  
  22  2:36  Marine  
  26  2:42  Stimpack  
  26  2:50  Marine  
  26  2:51  Marine  
  28  2:59  Marine x2  
  28  3:02  Terran Infantry Weapons Level 1  
  30  3:08  Marine  
  30  3:09  Marine  
  32  3:17  Marine x2  
  32  3:18  Supply Depot x2  
  34  3:24  Combat Shield  
  34  3:27  Marine  
  34  3:29  Marine  
  36  3:36  Marauder  
  36  3:37  Marine  
  39  3:45  Marine  
  39  3:47  Marine  
  41  3:56  Marauder  
  41  3:57  Marauder  
  45  4:02  Marine  
  45  4:05  Supply Depot, Marine  
  47  4:17  Marauder  
  47  4:18  Marauder  
  47  4:20  Marine  
  47  4:22  Marine  
  53  4:38  Concussive Shells, Marine x2  
  53  4:39  Supply Depot, Marine  
  53  4:40  Marine  
  57  4:56  Marine x2  
  57  4:57  Marine  
  57  4:58  Marine  
  61  5:06  Supply Depot  
  61  5:14  Marine x2  
  62  5:15  Marine  
  62  5:16  Marine  
Show
View Real Time Build Order
Export as new Build Order

ZergDrachen Zerg 

Build Orders: Hatch First 

Get SALT Encoding   

  12  0:01  Drone  
  13  0:12  Overlord  
  13  0:16  Drone  
  14  0:31  Drone x2  
  16  0:53  Drone  
  16  0:56  Hatchery, Drone  
  17  1:00  Drone  
  18  1:07  Drone  
  18  1:08  Extractor  
  18  1:26  Drone  
  18  1:30  Spawning Pool  
  18  1:38  Drone  
  19  1:41  Overlord  
  19  1:52  Drone  
  20  2:11  Overlord  
  20  2:17  Queen x2  
  20  2:18  Metabolic Boost  
  20  2:20  Zergling x4  
  26  2:23  Drone  
  26  2:25  Drone  
  26  2:29  Drone  
  29  2:33  Drone  
  30  2:44  Drone  
  30  2:47  Drone  
  32  2:53  Queen  
  34  3:04  Drone x2  
  34  3:05  Drone x2  
  38  3:13  Hatchery  
  38  3:15  Drone  
  38  3:17  Drone  
  39  3:22  Pneumatized Carapace  
  39  3:25  Drone  
  40  3:33  Evolution Chamber  
  39  3:39  Roach Warren  
  38  3:45  Drone x5  
  38  3:48  Overlord  
  43  3:52  Overlord  
  43  4:03  Overlord  
  43  4:06  Overlord  
  43  4:07  Drone x2  
  46  4:17  Zergling x10  
  46  4:23  Lair  
  50  4:24  Drone  
  50  4:25  Extractor  
  50  4:28  Drone  
  50  4:29  Drone x2  
  53  4:34  Drone, Extractor  
  53  4:35  Extractor  
  53  4:37  Roach  
  53  4:38  Roach  
  56  4:41  Drone  
  56  4:42  Drone  
  56  4:43  Drone  
  59  4:47  Drone x2  
  59  4:48  Drone  
  59  4:50  Drone  
  59  4:52  Drone  
  64  4:54  Drone  
  65  5:04  Roach x2  
  69  5:09  Roach x3  
  75  5:19  Spine Crawler  
  75  5:20  Zergling x4, Spine Crawler  
  75  5:21  Zergling x2  
  76  5:23  Spine Crawler  
  76  5:28  Roach x2  
Tags
 
League
Platinum
Matchup
TvZ
Spawn Locations
Cross Positions
Add a new tag
Caveats
  • Supply blocks, unpowered buildings, or Contaminate may cause inaccurate times.
  • Supply counts are checked every 10 seconds.